Match 45954441
Unlisted

Match 45954441
End
Selects Heavy Weapons
Construct Barracks
Scout Squad
Riflemen Squad
Riflemen Squad
Construct Weapon Support Center
M1919 Machine Gun Team
Selects M2HB .50cal Heavy Machine Gun
Bazooka Squad
Infantry Support Center
Selects Assault Carriers
M3 Assault Carrier
Selects Halftrack Strongpoints
Construct Medical Station
M1918 Browning Automatic Rifles
Construct Motor Pool
Riflemen Squad
M1 Anti-tank Gun Team
Engineer Squad
Advanced Logistics
Halftrack Strongpoints
Construct Tank Depot
M1919 Machine Gun Team
Grenade Package
Selects M26 Pershing Heavy Tank
M26 Pershing Heavy Tank
M3 Assault Carrier
M18 Hellcat Tank Destroyer
Selects Gallant Stand
Halftrack Strongpoints
Gallant Stand
M18 Hellcat Tank Destroyer
Engineer Squad
Selects Black Dragon Artillery Barrage
M4(105) Sherman Bulldozer
Riflemen Squad
Riflemen Squad
M18 Hellcat Tank Destroyer
M18 Hellcat Tank Destroyer
Black Dragon Artillery Barrage
M18 Hellcat Tank Destroyer
Riflemen Squad
Black Dragon Artillery Barrage
Black Dragon Artillery Barrage
braindamage
Eilte
Ermac
엽하
0
0

Comments sign in to comment!

No comments posted yet!